Cogmind - Beta 15 @@@ ROGUE MODE // 2025.06.18 @ 12:09:31 Player: Envian Result: Destroyed by RH-TJ4(g) with Beamcaster Performance ------------- Evolutions (3) 1500 Regions Visited (9) 1800 Robots Destroyed (71) 355 Value Destroyed (1845) 1845 Prototype IDs (29) 580 Alien Tech Used (0) 0 Bonus (783) 783 TOTAL SCORE: 6863 Bonus ------- High Alert Combat Kills 2 Entered DSFs 500 Aligned with FarCom 300 Friendly Fire -19 Cogmind --------- Core Integrity 0/700 Matter 177/300 Energy 97/100 System Corruption 0% Temperature Cool (9) Movement Core (50) Location -7/DSF Parts ------- > --- POWER (1) -------- (None) > --- PROPULSION (3) --- (None) > --- UTILITY (6) ------ (None) > --- WEAPON (3) ------- (None) > --- INVENTORY (5) ---- Heavy Ion Engine Advanced Heat Sink Faulty Experimental Sensor Array Peak State ------------ > --- POWER ------------ Improved Ion Engine > --- PROPULSION ------- Improved Aluminum Leg Carbon-fiber Leg Carbon-fiber Leg > --- UTILITY ---------- Cryofiber Web Medium Storage Unit Modified TNC Light Armor Plating Improved Light Armor Plating > --- WEAPON ----------- Shock Rifle Gauss Rifle Bore Cannon > --- INVENTORY -------- Heavy Ion Engine Light Angular Momentum Engine Carbon-fiber Leg Advanced Heat Sink Experimental Sensor Array Hardened Light Armor Plating Heavy Laser Heavy Particle Cannon [Rating: 39] Favorites ----------- Power Heavy Ion Engine Engine Heavy Ion Engine Propulsion Carbon-fiber Leg Treads Armored Treads Leg Carbon-fiber Leg Utility Medium Storage Unit Device Cryofiber Web Storage Medium Storage Unit Processor Modified TNC Protection Improved Light Armor Plating Weapon EM Shotgun Energy Gun EM Shotgun Energy Cannon Advanced Beam Cannon Ballistic Gun Gauss Rifle Ballistic Cannon Bore Cannon Slashing Weapon Mining Claw Build | -11 -10 -10 -9 -9 -9 -8 -8 -7 -7 ------- Run | Yrd Mat Min Mat Min Exi Min Mat Fac DSF Slots Evolved 6 | . . . 2 . . . 2 2 . Power . | . . . . . . . . . . Propulsion 1 | . . . . . . . 1 . . Utility 4 | . . . 2 . . . 1 1 . Weapon 1 | . . . . . . . . 1 . Parts Attached 44 | 6 7 4 7 5 . 1 4 2 8 Power 4 | 1 1 . . . . . 1 . 1 Engine 4 | 1 1 . . . . . 1 . 1 Core . | . . . . . . . . . . Reactor . | . . . . . . . . . . Propulsion 11 | 2 2 1 2 1 . 1 1 . 1 Treads 1 | . . . . . . . . . 1 Leg 10 | 2 2 1 2 1 . 1 1 . . Wheel . | . . . . . . . . . . Hover . | . . . . . . . . . . Flight . | . . . . . . . . . . Utility 13 | 1 1 3 2 3 . . 1 1 1 Device 7 | . . 3 2 2 . . . . . Storage 2 | 1 1 . . . . . . . . Processor 1 | . . . . . . . 1 . . Hackware . | . . . . . . . . . . Protection 3 | . . . . 1 . . . 1 1 Artifact . | . . . . . . . . . . Weapon 16 | 2 3 . 3 1 . . 1 1 5 Energy Gun 11 | 2 2 . 2 . . . . 1 4 Energy Cannon 2 | . . . 1 . . . . . 1 Ballistic Gun 1 | . . . . . . . 1 . . Ballistic Cannon 1 | . . . . 1 . . . . . Launcher . | . . . . . . . . . . Special Weapon . | . . . . . . . . . . Impact Weapon . | . . . . . . . . . . Slashing Weapon 1 | . 1 . . . . . . . . Piercing Weapon . | . . . . . . . . . . Special Melee Weapon . | . . . . . . . . . . Unidentified Prototypes 4 | . 1 . 2 1 . . . . . Parts Lost 30 | . 1 . 2 5 . . 3 . 19 Power 4 | . 1 . . . . . 1 . 2 Propulsion 6 | . . . . 2 . . . . 4 Utility 9 | . . . 1 2 . . 1 . 5 Weapon 11 | . . . 1 1 . . 1 . 8 Highest Loss Streak 13 | . 1 . 1 3 . . 1 . 13 To Critical Strikes . | . . . . . . . . . . Average Backups 8 | 1 8 10 9 7 8 9 9 8 4 Power 1 | . 2 2 2 2 2 2 2 2 1 Propulsion 1 | . 2 2 2 1 2 2 1 1 . Utility 1 | . . . . 1 1 2 2 3 2 Weapon 3 | . 3 5 4 3 3 3 3 2 . Tool/Special . | . . . . . . . . . . Unused Backups 14 | 2 1 1 3 2 . 2 1 . 2 Power 2 | . . 1 . . . . . . 1 Propulsion 4 | 2 . . 1 . . 1 . . . Utility 1 | . . . . . . . . . 1 Weapon 7 | . 1 . 2 2 . 1 1 . . Tool/Special . | . . . . . . . . . . Average Slot Usage (%) 94 | . 85 96 98 97 100 100 99 90 53 Engine 11 | . 14 14 11 11 11 11 8 7 5 Leg 23 | . 28 27 22 20 22 22 27 23 6 Device 18 | . . 10 31 27 22 22 18 7 3 Storage 11 | . 14 14 11 11 11 11 9 7 7 Processor 1 | . . . . . . . 8 7 7 Protection 4 | . . . . 4 11 11 9 15 4 Energy Gun 10 | . 27 28 16 1 . . . 5 10 Energy Cannon 5 | . . . 5 11 11 11 4 . 2 Ballistic Cannon 5 | . . . . 9 11 11 9 7 1 Peak Build Rating 39 | 6 13 19 26 32 30 30 38 39 39 Average Rating 24 | 3 11 16 24 27 29 30 37 38 22 On Entrance 22 | . 6 12 18 24 29 30 30 35 39 Naked Turns 1 | . . . . . . . . . 1 Heaviest Build 40 | 12 24 27 28 36 36 36 36 40 40 Greatest Support 43 | 20 26 28 28 30 30 30 43 43 43 Greatest Overweight (x) 9 | . 1 1 . 2 1 1 . . 9 Average Overweight (x) . | . . . . . 1 1 . . 1 Largest Inventory Capacity 10 | 8 10 10 10 10 10 10 10 10 10 Average Capacity 9 | 6 9 10 10 10 10 10 10 10 9 Most Carried 10 | 5 10 10 10 10 9 10 10 9 8 Average Carried 8 | 1 8 9 9 7 8 9 9 8 4 Final Capacity 10 | 8 10 10 10 10 10 10 10 10 5 Final Carried 10 | 2 10 10 10 8 9 10 10 8 3 Class Distribution -------------------- 88% | Mutant 7% | Scavenger-Mutant Dominant Class ---------------- Mutant | -10/Materials Mutant | -10/Mines Mutant | -9/Materials Mutant | -9/Mines Mutant | -9/Exiles Mutant | -8/Mines Scavenger-Mutant | -8/Materials Scavenger-Tank | -7/Factory Mutant | -7/DSF Resources | -11 -10 -10 -9 -9 -9 -8 -8 -7 -7 ----------- Run | Yrd Mat Min Mat Min Exi Min Mat Fac DSF Matter Collected 911 | 75 240 80 80 192 . . 242 . 2 Remotely . | . . . . . . . . . . Salvage Created 2562 | . 471 133 1006 374 . 38 212 . 328 Parts 139 | . 26 10 50 16 . 4 13 . 20 Haulers Intercepted 5 | . 2 . 3 . . . . . . Recyclers Shooed 1 | . . . 1 . . . . . . Parts Field Recycled . | . . . . . . . . . . Retrieved Matter . | . . . . . . . . . . Parts Self-Destructed . | . . . . . . . . . . Prevented . | . . . . . . . . . . Kills | -11 -10 -10 -9 -9 -9 -8 -8 -7 -7 ------- Run | Yrd Mat Min Mat Min Exi Min Mat Fac DSF Combat Hostiles Destroyed 64 | . 9 4 24 13 . 1 7 . 6 Guns 38 | . 9 4 17 2 . . 2 . 4 Cannons 25 | . . . 6 11 . 1 5 . 2 AOE 1 | . . . 1 . . . . . . Classes Destroyed 12 | . 5 . 2 2 . 1 . . 2 Worker 2 | . 1 . 1 . . . . . . Hauler 5 | . 2 . 3 . . . . . . Operator 1 | . . . 1 . . . . . . Watcher 3 | . 3 . . . . . . . . Swarmer 22 | . 5 2 9 3 . . 3 . . Grunt 28 | . 4 2 13 3 . . 3 . 3 Duelist 1 | . . . . 1 . . . . . Sentry 5 | . . . 2 2 . . 1 . . Specialist 1 | . . . . . . . . . 1 Hunter 1 | . . . . . . 1 . . . Heavy 1 | . . . . . . . . . 1 Assembled 6 | . . . . 6 . . . . . Butcher 1 | . . . . . . . . . 1 Best Kill Streak 11 | . 4 2 11 3 . 1 3 . 3 Combat Bots Only 7 | . 3 2 7 3 . 1 3 . 3 Max Kills in Single Turn 2 | . 1 2 1 2 . 1 1 . 2 Gunslinging 1 | . . 1 . . . . . . 1 Exploded 1 | . . . 1 . . . . . . Melee . | . . . . . . . . . . Uniques/NPCs Destroyed . | . . . . . . . . . . Combat | -11 -10 -10 -9 -9 -9 -8 -8 -7 -7 -------- Run | Yrd Mat Min Mat Min Exi Min Mat Fac DSF Hostile Shots Fired 342 | . 23 10 65 64 . 8 50 . 122 Missed 103 | . 3 3 30 22 . 3 14 . 28 Hits 239 | . 20 7 35 42 . 5 36 . 94 Melee 3 | . . . . 2 . . . . 1 Projectile 236 | . 20 7 35 40 . 5 36 . 93 Critical Strikes 10 | . 1 . . 2 . . . . 7 Damage Taken 3903 | . 276 85 394 512 . 89 421 . 2126 Core 1070 | . 95 43 69 70 . 23 57 . 713 Absorbed by Shields . | . . . . . . . . . . Core Remaining (%) 73 | 100 . 44 . . . 59 89 . . Volleys Fired 184 | . 28 6 52 37 . 5 20 . 36 Largest 3 | . 2 2 2 2 . 2 2 . 3 Hottest 189 | . 90 90 124 124 . 116 116 . 189 Shots Fired 349 | . 56 12 103 69 . 10 36 . 63 Gun 200 | . 56 12 78 12 . . 7 . 35 Cannon 149 | . . . 25 57 . 10 29 . 28 Launcher . | . . . . . . . . . . Special . | . . . . . . . . . . Kinetic 65 | . . . . 19 . 4 27 . 15 Thermal 160 | . . . 49 50 . 6 9 . 46 Explosive . | . . . . . . . . . . Electromagnetic 124 | . 56 12 54 . . . . . 2 Robot Hit Streak 12 | . 9 6 12 11 . 3 11 . 12 Robot Miss Streak 5 | . 3 3 5 4 . 3 3 . 4 Penetration Max . | . . . . . . . . . . Secondary Targets 2 | . . 1 . . . . . . 1 Max Gunslinging Chain 1 | . . 1 . . . . . . 1 Shots Hit Robots 224 | . 43 10 72 29 . 5 21 . 44 Core Hits 115 | . 23 7 45 17 . 2 9 . 12 Critical Kills 6 | . . . . 1 . . 4 . 1 Critical Parts Destroyed 6 | . . . . 2 . . 4 . . Critical Strikes 17 | . . . 4 3 . . 8 . 2 Burn 5 | . . . 4 . . . . . 1 Destroy 12 | . . . . 3 . . 8 . 1 Melee Attacks 1 | . 1 . . . . . . . . Impact . | . . . . . . . . . . Slashing 1 | . 1 . . . . . . . . Piercing . | . . . . . . . . . . Sneak Attacks . | . . . . . . . . . . Combat Hostiles . | . . . . . . . . . . Follow-up Attacks . | . . . . . . . . . . Damage Inflicted 4306 | . 730 130 1278 658 . 106 523 . 881 Guns 2388 | . 606 126 946 133 . . 56 . 521 Cannons 1701 | . . . 248 525 . 106 462 . 360 Explosions 183 | . 124 . 59 . . . . . . Melee . | . . . . . . . . . . Ramming 34 | . . 4 25 . . . 5 . . Kinetic 730 | . . . . 116 . 64 354 . 196 Thermal 2191 | . 124 . 649 542 . 42 164 . 670 Explosive . | . . . . . . . . . . Electromagnetic 1351 | . 606 126 604 . . . . . 15 Impact . | . . . . . . . . . . Slashing . | . . . . . . . . . . Piercing . | . . . . . . . . . . Highest Corruption 7 | . . . . 7 7 7 . . . Average Corruption 6 | . . . . 6 7 7 . . . Corruption Purged . | . . . . . . . . . . Corruption Blocked . | . . . . . . . . . . Effects 39 | . . . . 14 13 12 . . . Message Errors 6 | . . . . 3 1 2 . . . Matter Fused 8 | . . . . 2 2 4 . . . Heat Flow Errors 8 | . . . . 2 5 1 . . . Energy Discharges 2 | . . . . 2 . . . . . Parts Fused 1 | . . . . . . 1 . . . Data Loss (minor) 8 | . . . . 3 4 1 . . . Data Loss (major) 2 | . . . . 1 . 1 . . . Misfires 2 | . . . . 1 . 1 . . . Alerts 1 | . . . . . 1 . . . . Weapon Failures 1 | . . . . . . 1 . . . Overload Shots . | . . . . . . . . . . Overflow Damage 98 | . 60 . 17 . . . 21 . . Projectiles 38 | . . . 17 . . . 21 . . Explosions 60 | . 60 . . . . . . . . Melee . | . . . . . . . . . . Knockbacks 6 | . . . . 2 . 1 3 . . Impact . | . . . . . . . . . . Kinetic 6 | . . . . 2 . 1 3 . . Secondary . | . . . . . . . . . . Self-Inflicted Damage 140 | . 100 . 40 . . . . . . Shots 2 | . 1 . 1 . . . . . . Rammed . | . . . . . . . . . . Targets Rammed 4 | . . 1 2 . . . 1 . . Kicked 4 | . . 1 2 . . . 1 . . Crushed . | . . . . . . . . . . Highest Temperature 260 | . 138 66 128 68 115 222 260 . 85 Average Temperature 59 | . 49 33 52 24 48 101 139 . 31 Received Heat Transfer 1248 | . 42 30 114 154 . . 117 . 791 Siege Activations . | . . . . . . . . . . Martial Activations . | . . . . . . . . . . Shielding Activations . | . . . . . . . . . . Robots Disrupted . | . . . . . . . . . . Combat Hostiles . | . . . . . . . . . . Robots Corrupted . | . . . . . . . . . . Combat Hostiles . | . . . . . . . . . . Parts Fried 5 | . 1 1 3 . . . . . . Impact Corruptions . | . . . . . . . . . . Robots Melted . | . . . . . . . . . . Combat Hostiles . | . . . . . . . . . . Parts Melted 8 | . . . 5 2 . . . . 1 Heat Transferred 4381 | . 100 . 1580 1036 . 74 296 . 1295 Parts Sabotaged . | . . . . . . . . . . Parts Stolen . | . . . . . . . . . . Parts Stripped . | . . . . . . . . . . Power Chain Reactions 3 | . 1 . 2 . . . . . . Alert | -11 -10 -10 -9 -9 -9 -8 -8 -7 -7 ------- Run | Yrd Mat Min Mat Min Exi Min Mat Fac DSF Maximum Alert Level 2 | . . . 2 1 . . . . . Low Security (%) 91 | 100 100 100 40 96 . 100 100 100 100 Level 1 7 | . . . 51 3 . . . . . Level 2 . | . . . 7 . . . . . . Level 3 . | . . . . . . . . . . Level 4 . | . . . . . . . . . . Level 5 . | . . . . . . . . . . High Security . | . . . . . . . . . . Max Security . | . . . . . . . . . . Peak Influence 424 | . 130 74 424 219 . 32 71 . 70 Initial 159 | . . 34 . 159 . . . . 3 Average 64 | . 62 16 226 63 . 3 21 . 25 Influence Increases 1660 | . 387 90 662 179 . 32 195 5 110 Destroy 0b10 Robot/C 1140 | . 180 80 480 140 . 20 140 . 100 Destroy 0b10 Robot/NC 55 | . 30 . 25 . . . . . . Destroy Leader 236 | . 60 10 106 20 . 10 20 . 10 Allied During Kill 5 | . . . . 5 . . . . . Successful Hack 82 | . 53 . 11 4 . . 9 5 . Disable Machine 60 | . 30 . 15 . . . 15 . . Destroy Structure 52 | . 19 . 10 10 . 2 11 . . Lose Combat Pursuer 30 | . 15 . 15 . . . . . . Influence Decreases 1650 | . 299 178 254 587 . 32 195 . 105 Entered New Map 305 | . . 54 . 249 . . . . 2 Time Decay 1160 | . 289 124 234 298 . 32 183 . . Lost Part 185 | . 10 . 20 40 . . 12 . 103 Squads Dispatched 9 | . 2 . 4 . . . 2 . 1 Investigation 3 | . 2 . 1 . . . . . . Extermination . | . . . . . . . . . . Reinforcement 6 | . . . 3 . . . 2 . 1 Assault . | . . . . . . . . . . Garrison . | . . . . . . . . . . Intercept . | . . . . . . . . . . Searches Triggered . | . . . . . . . . . . Construction Impeded 1 | . . . 1 . . . . . . Haulers Reinforced . | . . . . . . . . . . Active Scanning Responses . | . . . . . . . . . . Cargo Convoy Interrupts . | . . . . . . . . . . Stealth | -11 -10 -10 -9 -9 -9 -8 -8 -7 -7 --------- Run | Yrd Mat Min Mat Min Exi Min Mat Fac DSF Distress Signals 7 | . 1 . 3 . . . 3 . . Communications Jammed . | . . . . . . . . . . Distress Signals . | . . . . . . . . . . Times Spotted 92 | . 15 7 30 15 . 1 13 . 11 Peak Tracking Total 6 | . 4 3 6 3 . 1 6 . 5 Tactical Retreats 2 | . 1 . 1 . . . . . . Traps | -11 -10 -10 -9 -9 -9 -8 -8 -7 -7 ------- Run | Yrd Mat Min Mat Min Exi Min Mat Fac DSF Traps Triggered 2 | . 1 1 . . . . . . . Indirectly . | . . . . . . . . . . Trap Hack Attempts . | . . . . . . . . . . Triggered . | . . . . . . . . . . Disarmed . | . . . . . . . . . . Reprogrammed . | . . . . . . . . . . Reused . | . . . . . . . . . . Traps Extracted . | . . . . . . . . . . Installed . | . . . . . . . . . . Triggered . | . . . . . . . . . . Machines | -11 -10 -10 -9 -9 -9 -8 -8 -7 -7 ---------- Run | Yrd Mat Min Mat Min Exi Min Mat Fac DSF Machines Disabled 5 | . 2 . 1 1 . . 1 . . Max in Single Turn 2 | . 2 . 1 1 . . 1 . . Garrison Access 1 | . . . . . . . 1 . . Machines Repaired . | . . . . . . . . . . Machines Dismantled . | . . . . . . . . . . Machines Sabotaged . | . . . . . . . . . . Overloaded Fab Kills . | . . . . . . . . . . Hacking | -11 -10 -10 -9 -9 -9 -8 -8 -7 -7 --------- Run | Yrd Mat Min Mat Min Exi Min Mat Fac DSF Machines Accessed 19 | . 7 2 3 1 1 . 4 1 . Terminals 14 | . 7 . 3 1 . . 2 1 . Fabricators . | . . . . . . . . . . Repair Stations . | . . . . . . . . . . Recycling Units . | . . . . . . . . . . Scanalyzers 1 | . . . . . . . 1 . . Garrison Access 1 | . . . . . . . 1 . . Total Hacks 48 | . 21 2 12 1 1 . 10 1 . Successful 25 | . 10 2 4 1 1 . 6 1 . Failed 23 | . 11 . 8 . . . 4 . . Catastrophic 3 | . 2 . . . . . 1 . . Database Lockouts . | . . . . . . . . . . Manual 34 | . 16 . 12 . 1 . 5 . . Terminals 40 | . 21 . 12 1 . . 5 1 . Fabricators . | . . . . . . . . . . Repair Stations . | . . . . . . . . . . Recycling Units . | . . . . . . . . . . Scanalyzers 2 | . . . . . . . 2 . . Garrison Access 3 | . . . . . . . 3 . . Terminal Hacks 9 | . 3 2 1 1 1 . . 1 . Prototype ID Bank 1 | . 1 . . . . . . . . Open Door 2 | . . 2 . . . . . . . Open DSF 1 | . . . . . . . . 1 . Branch Access Points 2 | . 1 . 1 . . . . . . Locate Traps 1 | . 1 . . . . . . . . Dispatch Records 1 | . . . . 1 . . . . . Proto ID Catalog 1 | . . . . . 1 . . . . Fabricator Hacks . | . . . . . . . . . . Repair Station Hacks . | . . . . . . . . . . Recycling Unit Hacks . | . . . . . . . . . . Scanalyzer 2 | . . . . . . . 2 . . Insert Component 1 | . . . . . . . 1 . . Analyze 1 | . . . . . . . 1 . . Garrison Access Hacks 1 | . . . . . . . 1 . . Seal Access 1 | . . . . . . . 1 . . Unauthorized Hacks 13 | . 7 . 3 . . . 3 . . Terminals 13 | . 7 . 3 . . . 3 . . Assimilate 1 | . . . 1 . . . . . . Botnet 10 | . 6 . 2 . . . 2 . . Operators 2 | . 1 . . . . . 1 . . Fabricators . | . . . . . . . . . . Repair Stations . | . . . . . . . . . . Recycling Units . | . . . . . . . . . . Scanalyzers . | . . . . . . . . . . Garrison Access . | . . . . . . . . . . Data Cores Recovered . | . . . . . . . . . . Used . | . . . . . . . . . . Hacking Detections 8 | . 5 . 2 . . . 1 . . Full Trace Events 3 | . 1 . 2 . . . . . . Feedback Events . | . . . . . . . . . . Feedback Blocked . | . . . . . . . . . . Robot Schematics Acquired . | . . . . . . . . . . Robots Built . | . . . . . . . . . . Authchips . | . . . . . . . . . . Time . | . . . . . . . . . . Total Robot Build Rating . | . . . . . . . . . . Part Schematics Acquired 1 | . . . . . . . 1 . . Parts Built . | . . . . . . . . . . Authchips . | . . . . . . . . . . Time . | . . . . . . . . . . Total Part Build Rating . | . . . . . . . . . . Parts Repaired . | . . . . . . . . . . Time . | . . . . . . . . . . Parts Recycled . | . . . . . . . . . . Recycled Matter . | . . . . . . . . . . Retrieved Matter . | . . . . . . . . . . Retrieved Components . | . . . . . . . . . . Parts Scanalyzed 1 | . . . . . . . 1 . . Part Schematics Acquired 1 | . . . . . . . 1 . . Parts Damaged . | . . . . . . . . . . Bothacking | -11 -10 -10 -9 -9 -9 -8 -8 -7 -7 ------------ Run | Yrd Mat Min Mat Min Exi Min Mat Fac DSF Used RIF Installer . | . . . . . . . . . . Robots Hacked . | . . . . . . . . . . Non-combat . | . . . . . . . . . . Combat . | . . . . . . . . . . Robot Hacks Applied . | . . . . . . . . . . Relay Couplers Released . | . . . . . . . . . . Fabnet Peak Effective % . | . . . . . . . . . . Robots Rewired . | . . . . . . . . . . Allies Hacked . | . . . . . . . . . . Hacks Repelled . | . . . . . . . . . . Allies | -11 -10 -10 -9 -9 -9 -8 -8 -7 -7 -------- Run | Yrd Mat Min Mat Min Exi Min Mat Fac DSF Total Allies 4 | . . . . 4 . . . . . Largest Group 3 | . . . . 3 1 . . . . Highest-Rated Group 40 | . . . . 40 31 . . . . Highest-Rated Ally 31 | . . . . 31 31 . . . . Total Orders . | . . . . . . . . . . Ally Attacks 27 | . . . . 27 . . . . . Total Damage 215 | . . . . 215 . . . . . Kills 3 | . . . . 3 . . . . . Allies Corrupted . | . . . . . . . . . . Allies Melted . | . . . . . . . . . . Intel | -11 -10 -10 -9 -9 -9 -8 -8 -7 -7 ------- Run | Yrd Mat Min Mat Min Exi Min Mat Fac DSF Active Infowar (turns) 883 | . . . . . . . 634 55 194 T.N.C. 883 | . . . . . . . 634 55 194 Robot Analysis Total . | . . . . . . . . . . Derelict Logs Recovered 2 | . . 1 . 1 . . . . . Drone Launches . | . . . . . . . . . . Drone Recoveries . | . . . . . . . . . . Exploration | -11 -10 -10 -9 -9 -9 -8 -8 -7 -7 ------------- Run | Yrd Mat Min Mat Min Exi Min Mat Fac DSF Turns Passed 4588 | 57 733 507 541 1194 397 274 635 55 195 Spaces Moved 2538 | 44 467 384 268 547 209 134 393 45 47 Core 40 | 16 . . . . . . . . 24 Treads . | . . . . . . . . . . Legs 2498 | 28 467 384 268 547 209 134 393 45 23 Wheels . | . . . . . . . . . . Hover . | . . . . . . . . . . Flight . | . . . . . . . . . . Fastest Speed 50 | 50 120 120 120 120 190 190 120 120 50 Average Speed 145 | 94 124 120 120 185 190 190 120 120 180 Slowest Speed 500 | 120 190 190 120 260 190 190 120 120 500 Overloaded Moves . | . . . . . . . . . . Propulsion Burnouts . | . . . . . . . . . . Robots Hopped . | . . . . . . . . . . Potential Cave-ins . | . . . . . . . . . . Cave-ins Triggered . | . . . . . . . . . . Exploration Rate (%) 48 | 2 89 92 23 96 60 28 38 2 57 Regions Visited 9 Branch Regions 4 Pre-discovered Areas . | . . . . . . . . . . Known Exits Taken 3 | . 1 . 1 . . . . 1 . Unknown Exits Taken 6 | 1 . 1 . 1 1 1 1 . . Scrap Searched 2 | . . . . 2 . . . . . Spaces Dug 1 | . 1 . . . . . . . . Terrain Destroyed 63 | . 20 . 8 19 . 4 12 . . Melee 1 | . 1 . . . . . . . . Projectile 35 | . . . . 19 . 4 12 . . AOE 27 | . 19 . 8 . . . . . . Terrain Rammed . | . . . . . . . . . . Walls Destroyed . | . . . . . . . . . . Machines Disabled . | . . . . . . . . . . Actions | -11 -10 -10 -9 -9 -9 -8 -8 -7 -7 --------- Run | Yrd Mat Min Mat Min Exi Min Mat Fac DSF Total 3105 | 60 558 418 387 662 209 145 521 46 99 Wait 251 | . 39 8 41 64 . . 96 . 3 Move 2529 | 43 466 383 267 546 208 133 392 44 47 Hop . | . . . . . . . . . . Pick Up 55 | 9 13 6 9 4 1 3 6 . 4 Fast Attach 7 | 1 . 3 1 2 . . . . . Attach 31 | 5 1 1 4 5 . . 4 2 9 Detach 1 | . . . . 1 . . . . . Swap 13 | . 6 3 3 . . 1 . . . Drop 29 | 2 4 7 8 3 . 3 2 . . Fire 184 | . 28 6 52 37 . 5 20 . 36 Melee 1 | . 1 . . . . . . . . Ram . | . . . . . . . . . . Kick 4 | . . 1 2 . . . 1 . . Crush . | . . . . . . . . . . Escape Stasis . | . . . . . . . . . . Rewire . | . . . . . . . . . . Trap . | . . . . . . . . . . Miscellaneous . | . . . . . . . . . . Route ------- -11/Scrapyard -10/Materials (discovered 3 exits: *Mat x2 / *Min) -10/Mines (discovered 2 exits: *Mat x2) -9/Materials (discovered 3 exits: *Min x2 / *Sto) -9/Mines (discovered 3 exits: *Mat x2 / *Exi) -9/Exiles -8/Mines -8/Materials -7/Factory -7/DSF History --------- Turn | Location | Event 7 | -11/Scrapyard | Discovered new exit (range 15) 58 | -11/Scrapyard | Entered Materials 186 | -10/Materials | Discovered new exit (range 16) 265 | -10/Materials | Discovered new exit (range 9) 308 | -10/Materials | Build established: Mutant 448 | -10/Materials | Discovered new exit (range 6) 503 | -10/Materials | Identified exit to Mines 791 | -10/Materials | Entered Mines 820 | -10/Mines | Met a Derelict bent on vengeance 889 | -10/Mines | Met a Derelict who couldn't figure out how to use a Trap Extractor 1125 | -10/Mines | Core integrity fell below 50% 1221 | -10/Mines | Discovered new exit (range 13) 1247 | -10/Mines | Learned Materials security intel 1269 | -10/Mines | Discovered new exit (range 14) 1282 | -10/Mines | Found the Drone Emporium 1298 | -10/Mines | Entered Materials 1298 | -9/Materials | Evolved 2 slots: Utility x2 1413 | -9/Materials | Destroyed 7 combat bots 1484 | -9/Materials | Discovered new exit (range 16) 1713 | -9/Materials | Identified exit to Mines 1713 | -9/Materials | Identified exit to Storage 1839 | -9/Materials | Entered Mines 1884 | -9/Mines | Found a damaged Exp. Sensor Array with a note attached 1887 | -9/Mines | Found Prototype Device 1887 | -9/Mines | Identified Exp. Sensor Array 1924 | -9/Mines | A weapon hastily lodged in a ceiling crevice suddenly fell to the ground 1935 | -9/Mines | Learned 2 Materials zone layouts 2012 | -9/Mines | Lost 3 parts (1n1u1w) 2029 | -9/Mines | Assisted by bots powering up and referring to "LRC-V3" 2063 | -9/Mines | Discovered new exit (range 6) 2177 | -9/Mines | Assembled infested the area 2784 | -9/Mines | Received a Mining Laser from a helpful Derelict 2866 | -9/Mines | Discovered new exit (range 4) 3026 | -9/Mines | Deemed a non-threat by the Exiles lab entrance 3026 | -9/Mines | Discovered new exit (range 5) 3033 | -9/Mines | Entered Exiles 3033 | -9/Exiles | Accompanied by 1 ally 3079 | -9/Exiles | Met 8R-AWN 3113 | -9/Exiles | Met EX-HEX 3166 | -9/Exiles | Met EX-BIN 3193 | -9/Exiles | Aligned with FarCom system 3195 | -9/Exiles | Given EX-Vault access code 3239 | -9/Exiles | Opened EX-Vault 3254 | -9/Exiles | Found Modified TNC 3289 | -9/Exiles | Warned to stay clear of 0b10 Research branches 3344 | -9/Exiles | Met EX-DEC 3414 | -9/Exiles | Discovered new exit (range 10) 3430 | -9/Exiles | Left Exiles lab with Modified TNC 3430 | -9/Exiles | Entered Mines 3578 | -8/Mines | Discovered new exit (range 14) 3704 | -8/Mines | Entered Materials 3704 | -8/Materials | Evolved 2 slots: Propulsion x1, Utility x1 4266 | -8/Materials | Build established: Scavenger-Mutant 4321 | -8/Materials | Discovered new exit (range 16) 4339 | -8/Materials | Entered Factory 4339 | -7/Factory | Evolved 2 slots: Utility x1, Weapon x1 4394 | -7/Factory | Identified exit to DSF 4394 | -7/Factory | Entered DSF 4437 | -7/DSF | Additional patrols routed to DSF 4503 | -7/DSF | Core integrity fell below 50% 4505 | -7/DSF | Wild Derelicts raided the area 4529 | -7/DSF | Lost 13 parts (1p4n3u5w) 4580 | -7/DSF | Core integrity fell below 20% 4589 | -7/DSF | Destroyed by RH-TJ4(g) with Beamcaster Last Messages --------------- 04498_ Carbon-fiber Leg destroyed. 04501_ Acquired Field Laser. 04512_ Critical hit (Burn: +37). 04514_ Aluminum Leg melted. 04514_ G-47 Trooper destroyed. 04518_ Switching to secondary target: G-47 Trooper. 04518_ G-47 Trooper destroyed. 04558_ Field Laser destroyed. 04561_ Acquired Arm. Treads. 04570_ Lgt. Angular Momentum Engine destroyed. 04572_ Critical hit (Burn: +37). 04575_ Field Laser destroyed. 04576_ Arm. Treads severed. 04578_ KW-ZXQ(l) suffers critical hit (Burn). 04578_ KW-ZXQ(l) destroyed. 04580_ Field Laser destroyed. 04580_ Med. Storage Unit destroyed. 04583_ Acquired 2 matter. 04586_ Critical hit (Burn: +37). 04588_ Modified TNC destroyed. Map ----- +----------------------------------------------------+ | | | | | ??????????????????????????????????????? | | ??????????????????????????????????????? | | ??????????????????????????????????????? | | ??????????????????????????????????????? | | ??????????????????????????????????????? | | ??????????????????????????????????????? | | ??????????????????????????????????????? | | ??????????????????????????????????????? | | ???????????? ???????????????????????? | | ???????????? ??????????????????????? | | ??????????? ??????????????????????? | | ???????????# #??????????????????????? | | ??????????## ##?????????????????????? | | ?????????? ?????????????????????? | | ??????????? ??????????????????????? | | ??????????? ??????????????????????? | | ?????????### ###????????????????????? | | ?????????#[[ !!#????????????????????? | | ?????????#[[ !!#????????????????????? | | ??????????[[ !!?????????????????????? | | ##########?# #?#########?????#??????? | | ##[[[#!!!### ###!!!#!!!#???]]#??????? | | ## #!!!## ##!!!#!!!## ]]#??????? | | *[ ]=%* i @ #??????? | | *[% !%! g b #??????? | | !% !* g #??????? | | ## #!!!## a##!!!# ## !!#??????? | | ## #!!!### ###!!!# #? !!#??????? | | ##########?# #?#########??g###??????? | | &&#???????!! !!??????????? ]????????? | | &&#??????#!! !!#???????????]#???????? | | &&#??????#!! !!#???????????]#???????? | | ###??????### ###????????????#???????? | | #???????? ??????????????????????? | | #???????? ??????????????????????? | | ###??????? ?????????????????????? | | ##???#????## ##?????????????????????? | | %##&&#&&&### #??????????????????????? | | != ^ ???????????????????????? | | !% ???????????????????????? | | "##&&#&&&#!! ???????????????????????? | | "#?###???#????????????????????????????? | | ##????????????????????????????????????? | | #?????????????????????????????????????? | | #?????????????????????????????????????? | | ??????????????????????????????????????? | | ??????????????????????????????????????? | | ??????????????????????????????????????? | +----------------------------------------------------+ Best States ------------- Heat Dissipation 56 Energy Generation 18 Energy Capacity 280 Matter Stores 300 Matter Capacity 300 Sight Range 16 Terrain Scan Density 10 Base Temperature (-) 100 Armor Coverage 300 Evasion (%) 63 Recoil Reduction 1 Item Schematics ----------------- Exp. Sensor Array | -8/Materials | Scanalyzed Robot Schematics ------------------ None Fabricated ------------ Nothing Repaired ---------- Nothing Alien Tech Used ----------------- None Achievements -------------- None Challenges ------------ None Game ------ Seed FocalMiniRifle Manual? 0 Play Time 00:48:44 Cumulative 41.6 hours Start 2025.06.18 @ 11:13:14 End 2025.06.18 @ 12:09:31 Sessions 1 Manual Loads 0 Difficulty Rogue Special Mode None Game No. 52 Rogue 52 Adventurer 0 Explorer 0 Win Type - Total 1 Types 1/0/0/0/0/0/0/0/0/0 Lore% 26 Gallery% 29 Achievement% 32 Wizard Run 0 Options --------- Layout 0 ASCII 0 Keyboard 0 Movement Numpad Keybinds 0 Fullscreen 1 Font 24/Smallcaps Map View 76x50 Zoom Use 0% Tactical HUD 1 Map Filters NONE Filters NONE Steam 1 RUN: 551fcff5-5d57-4b00-9fd0-40d30038e638